 Dungeon Crawl Stone Soup version 0.20.0-15-g7f486f2 (webtiles) character file.

116 KGB the Slasher (level 4, 0/35 HPs)
             Began as a Demonspawn Chaos Knight on June 10, 2017.
             Slain by an orc
             ... wielding a +0 trident
              (7 damage)
             ... on level 3 of the Dungeon.
             The game lasted 00:02:45 (2717 turns).

KGB the Slasher (Demonspawn Chaos Knight)           Turns: 2717, Time: 00:02:46

Health: 0/35       AC:  5    Str: 14    XL:     4   Next: 70%
Magic:  4/4        EV: 11    Int: 15    God:    Xom [*.....]
Gold:   140        SH:  0    Dex: 12    Spells: 3/3 levels left

rFire    . . .     SeeInvis .   a - +0 falchion (chaos)
rCold    . . .     Gourm    .   (no shield)
rNeg     . . .     Faith    .   b - +2 leather armour
rPois    .         Spirit   .   (no helmet)
rElec    .         Reflect  .   (no cloak)
rCorr    .         Harm     .   (no gloves)
MR       .....                  (no boots)
Stlth    +++.......             (no amulet)
Regen    0.2/turn               (no ring)
MPRegen  0.1/turn               (no ring)

@: no status effects
A: camouflage 1, clever 1, nightstalker 1
a: Renounce Religion


You were on level 3 of the Dungeon.
You worshipped Xom.
You were a special plaything of Xom.
You were not hungry.

You visited 1 branch of the dungeon, and saw 3 of its levels.

You collected 140 gold pieces.

Inventory:

Hand Weapons
 a - a +0 falchion of chaos (weapon)
Armour
 b - a +2 leather armour (worn)
Jewellery
 j - an uncursed ring of protection from fire {unknown}
Wands
 f - a wand of iceblast (7/15)
Scrolls
 d - 3 scrolls of enchant weapon {unknown}
 e - 2 scrolls of identify {unknown}
 g - 2 scrolls of teleportation {unknown}
 i - a scroll of fear {unknown}
 k - a scroll of remove curse {unknown}
 l - a scroll of blinking {unknown}
 m - a scroll of noise {unknown}
Comestibles
 c - a bread ration
 h - a royal jelly
 o - a meat ration


   Skills:
 + Level 3.4 Fighting
 * Level 4.2 Long Blades
 + Level 2.6 Armour
 + Level 1.0 Dodging


You had 3 spell levels left.
You didn't know any spells.

Dungeon Overview and Level Annotations

Branches:
Dungeon (3/15)

Altars:
Xom


Innate Abilities, Weirdness & Mutations

You are slightly more attuned to the shadows.
Your skin changes colour to match your surroundings (Stealth+).
Your mind is acute. (Int +2)


Message History

The orc hits you but does no damage. The orc barely misses you.
The orc closely misses you.
You hit the orc.
The orc flickers and vanishes!
Deactivating autopickup; reactivate with Ctrl-A.
Something hits you. The orc hits you. The orc closely misses you.
Something hits you.
You miss something.
The orc barely misses you. x2; Something hits you.
Unknown command.
You hit something but do no damage.
Nothing appears to happen.
Something hits you.
* * * LOW HITPOINT WARNING * * *
The orc barely misses you.
The orc hits you from afar with a trident.
* * * LOW HITPOINT WARNING * * *
The hobgoblin shouts!
You hit something. The orc hits you but does no damage.
Something barely misses the orc.
The orc hits you from afar with a trident!
You die... "Huh?
Did I miss anything?"

# # ##. # ######.g #
#......# ## ####......# ##(
......o..### ##.# #.†o.>....
#.#. ####..@..## #.#.
..........# #.#. ######..#.#
##.# #########....#.# ##.
...............#############
..........##..............†.
########...##...........###.
#######.....#..########.###.
#.....................<.....


You could see 2 orcs and a hobgoblin.

Vanquished Creatures
  4 gnolls (D:3)
  An adder (D:2)
  A river rat (D:2)
  An ooze (D:2)
  2 worms
  A dart slug (D:1)
  4 leopard geckos
  3 orcs (D:3)
  3 giant cockroaches
  3 goblins
  4 hobgoblins
  2 ball pythons
  5 bats
  2 frilled lizards (D:1)
  4 kobolds
  5 rats
45 creatures vanquished.

Vanquished Creatures (others)
  A ball lightning (D:2)
1 creature vanquished.

Grand Total: 46 creatures vanquished

Notes
Turn   | Place    | Note
-------+----------+-------------------------------------------
     0 | D:1      | KGB the Demonspawn Chaos Knight began the quest for the Orb.
     0 | D:1      | Reached XP level 1. HP: 18/18 MP: 1/1
   320 | D:1      | XOM: silly message
   497 | D:1      | Gained mutation: You are slightly more attuned to the shadows. [demonic ancestry]
   497 | D:1      | Reached XP level 2. HP: 24/24 MP: 2/2
   640 | D:1      | Reached skill level 3 in Long Blades
   924 | D:1      | XOM: harmless Tmut miscast
  1151 | D:2      | XOM: polymorph quokka -> river rat
  1155 | D:2      | Reached XP level 3. HP: 26/29 MP: 3/3
  1217 | D:2      | XOM: harmless Necr miscast
  1429 | D:2      | Reached skill level 1 in Dodging
  1503 | D:2      | XOM: 4-stop teleportation journey
  1587 | D:2      | XOM: severe Air miscast
  1750 | D:2      | XOM: harmless Tloc miscast
  2009 | D:3      | Gained mutation: Your mind is acute. (Int +2) [potion of mutation]
  2009 | D:3      | Gained mutation: Your skin changes colour to match your surroundings (Stealth+). [potion of mutation]
  2016 | D:3      | Reached XP level 4. HP: 35/35 MP: 4/4
  2020 | D:3      | XOM: smoke on damage
  2021 | D:3      | Reached skill level 4 in Long Blades
  2078 | D:3      | XOM: divination: detect creatures
  2370 | D:3      | Found a shimmering altar of Xom.
  2717 | D:3      | Slain by an orc

Skill      XL: |  1  2  3  4 |
---------------+-------------+-----
Armour         | 2 |  2.6
Long Blades    | 3 4 |  4.2
Dodging        | 1 |  1.0
Fighting       | |  3.4

Action                   |  1- 3 |  4- 6 || total
-------------------------+-------+-------++-------
Melee: Falchion          |    90 |    40 ||   130
  Use: Potion            |     2 |     1 ||     3
 Stab: Sleeping          |     6 |     1 ||     7
  Eat: Chunk             |     2 |       ||     2
       Bread ration      |       |     1 ||     1
Armor: Leather armour    |    26 |    11 ||    37
Dodge: Dodged            |    45 |    35 ||    80
       Rpst.: Falchion   |    10 |    11 ||    21
